PAAA
CALGARY LYNX @ KEY WEST CORAL REEFERS
08/16/2032
 
TOP OF THE 1ST
Calgary Lynx batting - Pitching for Key West Coral Reefers : RHP Hikaru Yamaguchi
Pitching: RHP Hikaru Yamaguchi
Batting: RHB Dhyana Snigdha 0-0: Called Strike
0-1: Called Strike
0-2: Strikes out looking
Batting: LHB Juan Aranda 0-0: Ball
1-0: Ball
2-0: Foul Ball, location: 2F
2-1: Fly out, F7 (Flyball, 7S)
Batting: LHB Michael Malloy 0-0: Called Strike
0-1: Swinging Strike
0-2: Ball
1-2: Ball
2-2: Ball
3-2: Base on Balls
Batting: SHB Ted Striker 0-0: Ball
1-0: Foul Ball, location: 2F
1-1: Swinging Strike
1-2: Ball
2-2: Ground out U3 (Groundball, 34S)
Top of the 1st over - 0 runs, 0 hits, 0 errors, 1 left on base; Calgary 0 - Key West 0
BOTTOM OF THE 1ST
Key West Coral Reefers batting - Pitching for Calgary Lynx : LHP Miguel López
Pitching: LHP Miguel López
Batting: RHB Miguel Montoya 0-0: Ball
1-0: Ball
2-0: Ball
3-0: Base on Balls
Batting: RHB Kenneth Noid 0-0: Ball
Miguel Montoya steals 2nd base
1-0: Ball
2-0: Foul Ball, location: 2F
2-1: Foul Ball, location: 2F
2-2: Ball
3-2: Ground out 5-3 (Groundball, 25)
Miguel Montoya to third
Batting: RHB Yoshihiro Iwasaki 0-0: Ground out 6-3 (Groundball, 6)
Miguel Montoya scores
Batting: RHB Quindarious Monday 0-0: Called Strike
0-1: Ball
1-1: Ball
2-1: Foul Ball, location: 2F
2-2: Strikes out swinging
Bottom of the 1st over - 1 run, 0 hits, 0 errors, 0 left on base; Calgary 0 - Key West 1
TOP OF THE 2ND
Calgary Lynx batting - Pitching for Key West Coral Reefers : RHP Hikaru Yamaguchi
Batting: LHB Daniel García 0-0: Ball
1-0: Foul Ball, location: 2F
1-1: Called Strike
1-2: Ball
2-2: SINGLE (Line Drive, 4MD)
Batting: RHB Ángelo Delgado 0-0: Ball
Daniel García steals 2nd base
1-0: Ball
2-0: Ground out 5-3 (Groundball, 56)
Batting: RHB Luis Delvalle 0-0: Swinging Strike
0-1: Fly out, F9 (Flyball, 9S)
Batting: RHB José de la Cavallería 0-0: Called Strike
0-1: Ball
1-1: Ball
2-1: Ball
3-1: Base on Balls
Batting: RHB Michael Garrett 0-0: Ball
1-0: Ground out 4-3 (Groundball, 4)
Top of the 2nd over - 0 runs, 1 hit, 0 errors, 2 left on base; Calgary 0 - Key West 1
BOTTOM OF THE 2ND
Key West Coral Reefers batting - Pitching for Calgary Lynx : LHP Miguel López
Batting: SHB Dave Atkins 0-0: Ball
1-0: Fly out, F7 (Flyball, 7S)
Batting: LHB Jordan Westacott 0-0: Foul Ball, location: 2F
0-1: Ball
1-1: Foul Ball, location: 2F
1-2: Ball
2-2: Strikes out swinging
Batting: LHB Ricardo Collazo 0-0: Ball
1-0: Ball
2-0: Called Strike
2-1: Called Strike
2-2: Foul Ball, location: 2F
2-2: Strikes out swinging
Bottom of the 2nd over - 0 runs, 0 hits, 0 errors, 0 left on base; Calgary 0 - Key West 1
TOP OF THE 3RD
Calgary Lynx batting - Pitching for Key West Coral Reefers : RHP Hikaru Yamaguchi
Batting: RHB Dhyana Snigdha 0-0: Foul Ball, location: 2F
0-1: Ball
1-1: Fly out, F9 (Line Drive, 9S)
Batting: LHB Juan Aranda 0-0: Foul Ball, location: 2F
0-1: Ball
1-1: Foul Ball, location: 2F
1-2: Ball
2-2: Fly out, F8 (Flyball, 78M)
Batting: LHB Michael Malloy 0-0: Ball
1-0: Ball
2-0: Foul Ball, location: 2F
2-1: Ball
3-1: Called Strike
3-2: SINGLE (Flyball, 8RS)
Batting: SHB Ted Striker 0-0: Ground out 4-3 (Groundball, 34)
Top of the 3rd over - 0 runs, 1 hit, 0 errors, 1 left on base; Calgary 0 - Key West 1
BOTTOM OF THE 3RD
Key West Coral Reefers batting - Pitching for Calgary Lynx : LHP Miguel López
Batting: LHB John Hansen 0-0: Called Strike
0-1: Fly out, F8 (Line Drive, 8RD)
Batting: SHB Jeff Lowe 0-0: Ball
1-0: Ball
2-0: Ball
3-0: Called Strike
3-1: Foul Ball, location: 2F
3-2: Foul Ball, location: 2F
3-2: Ground out 1-3 (Groundball, P)
Batting: RHB Miguel Montoya 0-0: Ball
1-0: Swinging Strike
1-1: Ball
2-1: Ball
3-1: SINGLE (Groundball, 25) (infield hit)
Batting: RHB Kenneth Noid 0-0: SINGLE (Line Drive, 8LS)
Miguel Montoya to second
Batting: RHB Yoshihiro Iwasaki 0-0: Ball
1-0: Ball
2-0: Ball
3-0: Foul Ball, location: 2F
3-1: Swinging Strike
3-2: Strikes out looking
Bottom of the 3rd over - 0 runs, 2 hits, 0 errors, 2 left on base; Calgary 0 - Key West 1
TOP OF THE 4TH
Calgary Lynx batting - Pitching for Key West Coral Reefers : RHP Hikaru Yamaguchi
Batting: LHB Daniel García 0-0: Called Strike
0-1: Swinging Strike
0-2: Ball
1-2: Ball
2-2: Ball
3-2: Base on Balls
Batting: RHB Ángelo Delgado 0-0: Ground out U3 (Groundball, 34S)
Daniel García to second
Batting: RHB Luis Delvalle 0-0: Ball
1-0: Called Strike
1-1: Swinging Strike
1-2: Strikes out swinging
Batting: RHB José de la Cavallería 0-0: Ball
1-0: Foul Ball, location: 2F
1-1: Foul Ball, location: 2F
1-2: Ball
2-2: DOUBLE (Line Drive, 7LM)
Daniel García scores
Batting: RHB Michael Garrett 0-0: Called Strike
0-1: Foul Ball, location: 2F
0-2: Foul Ball, location: 2F
0-2: Fly out, F7 (Flyball, 78M)
Top of the 4th over - 1 run, 1 hit, 0 errors, 1 left on base; Calgary 1 - Key West 1
BOTTOM OF THE 4TH
Key West Coral Reefers batting - Pitching for Calgary Lynx : LHP Miguel López
Batting: RHB Quindarious Monday 0-0: Ground out 1-3 (Groundball, 13)
Batting: SHB Dave Atkins 0-0: Foul Ball, location: 2F
0-1: Ball
1-1: Fly out, F7 (Line Drive, 78M)
Batting: LHB Jordan Westacott 0-0: Ball
1-0: Called Strike
1-1: Fly out, F7 (Flyball, 78S)
Bottom of the 4th over - 0 runs, 0 hits, 0 errors, 0 left on base; Calgary 1 - Key West 1
TOP OF THE 5TH
Calgary Lynx batting - Pitching for Key West Coral Reefers : RHP Hikaru Yamaguchi
Batting: RHB Dhyana Snigdha 0-0: Ball
1-0: Called Strike
1-1: Swinging Strike
1-2: Foul Ball, location: 2F
1-2: Foul Ball, location: 2F
1-2: Strikes out swinging
Batting: LHB Juan Aranda 0-0: Ground out 5-3 (Groundball, 56)
Batting: LHB Michael Malloy 0-0: Fly out, F3 (Popup, 3SF)
Top of the 5th over - 0 runs, 0 hits, 0 errors, 0 left on base; Calgary 1 - Key West 1
BOTTOM OF THE 5TH
Key West Coral Reefers batting - Pitching for Calgary Lynx : LHP Miguel López
Batting: LHB Ricardo Collazo 0-0: Ball
1-0: Ball
2-0: Foul Ball, location: 2F
2-1: DOUBLE (Line Drive, 7LM)
Batting: LHB John Hansen 0-0: Ball
1-0: Swinging Strike
1-1: Fly out, F5 (Popup, 56S)
Batting: SHB Jeff Lowe 0-0: Ground out 4-3 (Groundball, 34)
Ricardo Collazo to third
Batting: RHB Miguel Montoya 0-0: Fly out, F7 (Flyball, 7D)
Bottom of the 5th over - 0 runs, 1 hit, 0 errors, 1 left on base; Calgary 1 - Key West 1
TOP OF THE 6TH
Calgary Lynx batting - Pitching for Key West Coral Reefers : RHP Hikaru Yamaguchi
Batting: SHB Ted Striker 0-0: Ball
1-0: Called Strike
1-1: SOLO HOME RUN (Flyball, 89XD), Distance : 411 ft
Batting: LHB Daniel García 0-0: Fly out, F8 (Flyball, 8LS)
Batting: RHB Ángelo Delgado 0-0: Swinging Strike
0-1: Foul Ball, location: 2F
0-2: Strikes out looking
Batting: RHB Luis Delvalle 0-0: Called Strike
0-1: Ball
1-1: Foul Ball, location: 2F
1-2: SINGLE (Flyball, 78S)
Batting: RHB José de la Cavallería 0-0: Called Strike
0-1: Fly out, F8 (Line Drive, 8LM)
Top of the 6th over - 1 run, 2 hits, 0 errors, 1 left on base; Calgary 2 - Key West 1
BOTTOM OF THE 6TH
Key West Coral Reefers batting - Pitching for Calgary Lynx : LHP Miguel López
Batting: RHB Kenneth Noid 0-0: Called Strike
0-1: Foul Ball, location: 2F
0-2: Ball
1-2: Fly out, F5 (Line Drive, 5)
Batting: RHB Yoshihiro Iwasaki 0-0: Fly out, F8 (Flyball, 8LS)
Batting: RHB Quindarious Monday 0-0: Ball
1-0: Called Strike
1-1: Ball
2-1: Foul Ball, location: 2F
2-2: Ball
3-2: Base on Balls
Batting: SHB Dave Atkins 0-0: Called Strike
0-1: Swinging Strike
0-2: Foul Ball, location: 2F
0-2: Ball
1-2: Fly out, F5 (Line Drive, 5)
Bottom of the 6th over - 0 runs, 0 hits, 0 errors, 1 left on base; Calgary 2 - Key West 1
TOP OF THE 7TH
Calgary Lynx batting - Pitching for Key West Coral Reefers : RHP Hikaru Yamaguchi
Pitching: RHP Rex Hood
Batting: RHB Michael Garrett 0-0: Called Strike
0-1: Ball
1-1: Called Strike
1-2: Fly out, F7 (Flyball, 78M)
Batting: RHB Dhyana Snigdha 0-0: Ball
1-0: Ball
2-0: Ball
3-0: Called Strike
3-1: Foul Ball, location: 2F
3-2: Base on Balls
Batting: LHB Juan Aranda 0-0: Called Strike
0-1: Ball
1-1: Ball
2-1: Swinging Strike
2-2: Ball
3-2: Strikes out swinging
Dhyana Snigdha steals 2nd base
Batter strikes out.
Batting: LHB Michael Malloy 0-0: Ball
1-0: Ball
2-0: Foul Ball, location: 2F
2-1: Ball
3-1: Foul Ball, location: 2F
3-2: Foul Ball, location: 2F
3-2: Base on Balls
Batting: SHB Ted Striker 0-0: Ball
1-0: SINGLE (Line Drive, 8RS)
Dhyana Snigdha to third
Michael Malloy to second
Batting: LHB Daniel García 0-0: Ball
1-0: Ball
2-0: Called Strike
2-1: Called Strike
2-2: Ball
3-2: Ground out 5-3 (Groundball, 56)
Top of the 7th over - 0 runs, 1 hit, 0 errors, 3 left on base; Calgary 2 - Key West 1
BOTTOM OF THE 7TH
Key West Coral Reefers batting - Pitching for Calgary Lynx : LHP Miguel López
Batting: LHB Jordan Westacott 0-0: Called Strike
0-1: Swinging Strike
0-2: Ball
1-2: DOUBLE (Line Drive, 7LM)
Pinch Hitting: RHB Sadakuno Taketo 0-0: Swinging Strike
0-1: Ball
1-1: Foul Ball, location: 2F
1-2: Strikes out swinging
Pinch Hitting: RHB Enrique Rocha 0-0: Ball
1-0: Ball
2-0: Ball
3-0: Called Strike
3-1: Ground out 6-3 (Groundball, 56)
Batting: SHB Jeff Lowe 0-0: Ball
1-0: Called Strike
1-1: Ground out 6-3 (Groundball, 6)
Bottom of the 7th over - 0 runs, 1 hit, 0 errors, 1 left on base; Calgary 2 - Key West 1
TOP OF THE 8TH
Calgary Lynx batting - Pitching for Key West Coral Reefers : RHP Rex Hood
Now at 1B: Kade Knowles
Now at SS: Jason Alston
Batting: RHB Ángelo Delgado 0-0: Called Strike
0-1: Ball
1-1: Swinging Strike
1-2: Foul Ball, location: 2F
1-2: Ball
2-2: Ball
3-2: Strikes out swinging
Batting: RHB Luis Delvalle 0-0: Fly out, F4 (Popup, 4)
Batting: RHB José de la Cavallería 0-0: Ball
1-0: Foul Ball, location: 2F
1-1: Ball
2-1: Ball
3-1: Base on Balls
Pinch Hitting: LHB Bennett Whitford 0-0: SINGLE (Line Drive, 89S)
José de la Cavallería to second
Runner from 2nd tries for 3rd, SAFE, no throw
Batting: RHB Dhyana Snigdha 0-0: Called Strike
0-1: Called Strike
0-2: Foul Ball, location: 2F
0-2: Ground out 2-3 (Groundball, 15S)
Top of the 8th over - 0 runs, 1 hit, 0 errors, 2 left on base; Calgary 2 - Key West 1
BOTTOM OF THE 8TH
Key West Coral Reefers batting - Pitching for Calgary Lynx : LHP Miguel López
Pitching: LHP Frenk Norman
Now at SS: Danny Walsh
Batting: RHB Miguel Montoya 0-0: Ball
1-0: Ball
2-0: Ball
3-0: Base on Balls
Batting: RHB Kenneth Noid 0-0: Ball
1-0: Grounds into double play, 4-6-3 (Groundball, 4)
Batting: RHB Yoshihiro Iwasaki 0-0: Ground out 5-3 (Groundball, 5)
Bottom of the 8th over - 0 runs, 0 hits, 0 errors, 0 left on base; Calgary 2 - Key West 1
TOP OF THE 9TH
Calgary Lynx batting - Pitching for Key West Coral Reefers : RHP Rex Hood
Pitching: LHP Joe Khokar
Batting: LHB Juan Aranda 0-0: Called Strike
0-1: Swinging Strike
0-2: Strikes out swinging
Batting: LHB Michael Malloy 0-0: Called Strike
0-1: Foul Ball, location: 2F
0-2: Ball
1-2: Strikes out swinging
Batting: SHB Ted Striker 0-0: Ground out 5-3 (Groundball, 5)
Top of the 9th over - 0 runs, 0 hits, 0 errors, 0 left on base; Calgary 2 - Key West 1
BOTTOM OF THE 9TH
Key West Coral Reefers batting - Pitching for Calgary Lynx : LHP Frenk Norman
Now at C: Ieyoshi Yamamoto
Batting: RHB Quindarious Monday 0-0: Ball
1-0: Called Strike
1-1: Ball
2-1: Ground out 6-3 (Groundball, 6)
Batting: SHB Dave Atkins 0-0: Foul Ball, location: 2F
0-1: Swinging Strike
0-2: Ball
1-2: Ground out 6-3 (Groundball, 6MD)
Pinch Hitting: RHB Sang Hong-Do 0-0: Called Strike
0-1: Called Strike
0-2: Foul Ball, location: 2F
0-2: SINGLE (Line Drive, 34D)
Batting: RHB Kade Knowles 0-0: Called Strike
0-1: Ball
1-1: Swinging Strike
1-2: Strikes out looking
Bottom of the 9th over - 0 runs, 1 hit, 0 errors, 1 left on base; Calgary 2 - Key West 1
Wednesday, September 19th, 2018 - OOTP Baseball 18.8 Build 76